 Dungeon Crawl Stone Soup version 0.24-a0-412-ge138f7edaf (webtiles) character file.

Game seed: 5359338661742607304

2 Inarius the Firebug (level 1, -6/10 HPs)
             Began as a Deep Elf Fire Elementalist on June 6, 2019.
             Killed by nerve-wracking pain
             ... invoked by Jessica
              (11 damage)
             ... on level 2 of the Dungeon.
             The game lasted 00:00:44 (224 turns).

Inarius the Firebug (Deep Elf Fire Elementalist)     Turns: 224, Time: 00:00:44

Health: -6/10      AC:  2    Str:  5    XL:     1   Next: 25%
Magic:  6/6        EV: 13    Int: 19    God:
Gold:   6          SH:  0    Dex: 15    Spells: 5/6 levels left

rFire    . . .     SeeInvis .   d - +0 short sword
rCold    . . .     Gourm    .   (no shield)
rNeg     . . .     Faith    .   a - +0 robe
rPois    .         Spirit   .   (no helmet)
rElec    .         Reflect  .   (no cloak)
rCorr    .         Harm     .   (no gloves)
MR       .....                  (no boots)
Stlth    ++........             (no amulet)
HPRegen  0.03/turn              (no ring)
MPRegen  0.10/turn              (no ring)

@: no status effects
A: no striking features
a: no special abilities


You were on level 2 of the Dungeon.
You were not hungry.

You visited 1 branch of the dungeon, and saw 2 of its levels.

You collected 6 gold pieces.

Inventory:

Hand Weapons
 d - a +0 short sword (weapon)
Armour
 a - a +0 robe (worn)
Scrolls
 b - a scroll of magic mapping {unknown}
Potions
 e - a potion of cancellation {unknown}
Comestibles
 c - a ration


   Skills:
 * Level 2.4 Dodging
 - Level 2.4 Stealth
 + Level 3.1 Spellcasting
 + Level 1.1 Conjurations
 * Level 3.3 Fire Magic


You had 5 spell levels left.
You knew the following spells:

 Your Spells              Type           Power        Failure   Level  Hunger
a - Flame Tongue          Conj/Fire      ##...        6%          1    None

Your spell library contained the following spells:

 Spells                   Type           Power        Failure   Level  Hunger
 Throw Flame              Conj/Fire      ##....       9%          2    ##.....
 Conjure Flame            Conj/Fire      ##......     19%         3    ###....
 Inner Flame              Hex/Fire       #.......     22%         3    ###....
 Sticky Flame             Conj/Fire      ##......     52%         4    ####...
 Fireball                 Conj/Fire      ##........   86%         5    ######.


Dungeon Overview and Level Annotations

Branches:
Dungeon (2/15)

Altars:

Annotations:
D:2 Jessica


Message History

Found a stone staircase leading down.
There is a stone staircase leading down here. 2 orcs and an orc wizard come into view.
There is a stone staircase leading down here.
Found a viscous black potion.
Found a chain mail.
There is a stone staircase leading down here.
Jessica the Apprentice Sorceress comes into view.
She is carrying a wand of flame (12).
Found a stone staircase leading up.
You see here a viscous black potion.
e - a viscous black potion Jessica casts a spell.
Jessica blinks!
You see here a chain mail.
Jessica zaps a wand.
The puff of flame hits you.
Ouch! That really hurt!
Jessica casts a spell at you. Pain shoots through your body!
Ouch! That really hurt!
You die...

#. #..[... .. #.
.##. ...# #. #o
........ .. oo #..
..##.# ## #.......#
.# .####.#....###.#
### ......<........#
##.## #@#.#
#.####...##
#.#.####..........
#[...............#
#.##...###.........#
#........>#........#
#.##.@.###..........
.. ##.## #......)..#
## #.# #........##
#.# #.#####.##


You could see Jessica.

Vanquished Creatures
  A giant cockroach (D:1)
  A kobold (D:2)
2 creatures vanquished.

Notes
Turn   | Place    | Note
-------+----------+-------------------------------------------
     0 | D:1      | Inarius the Deep Elf Fire Elementalist began the quest for
                  | the Orb.
     0 | D:1      | Reached XP level 1. HP: 10/10 MP: 6/6
    41 | D:1      | You fall into a shaft and drop 1 floor!
   173 | D:2      | Noticed an orc wizard
   218 | D:2      | Noticed Jessica
   224 | D:2      | Killed from afar by Jessica

Levels and vault maps discovered:
D:1:      grunt_arrival_crossed_arrows, layout_loops_cross
D:2:      layout_loops_ring, gammafunk_temple_overflow_pools, first_ration,
          uniq_terence, uniq_jessica

Action                   || total
-------------------------++-------
 Cast: Flame Tongue      ||     5
Armor: Robe              ||     2

Table legend:
 A = Non-vault XP
 B = Vault XP
 C = Vault XP percentage of total XP
 D = Non-vault monster count
 E = Vault monster count
 F = Vault count percentage of total count
                 A         B        C        D         E       F
            +---------+---------+-------+---------+---------+-------
      Total |       3 |       0 |   0.0 |       2 |       0 |   0.0
            +---------+---------+-------+---------+---------+-------
        D:1 |       2 |       0 |   0.0 |       1 |       0 |   0.0
        D:2 |       1 |       0 |   0.0 |       1 |       0 |   0.0
            +---------+---------+-------+---------+---------+-------
